 Dungeon Crawl Stone Soup version 0.17.1-1-g73c8601 (webtiles) character file.

1057 schauveau the Chopper (level 8, -2/51 HPs)
             Began as a Gargoyle Berserker on Dec 18, 2015.
             Was an Elder of Trog.
             Slain by an orc warrior
             ... wielding a +0 halberd
              (8 damage)
             ... on level 6 of the Dungeon.
             The game lasted 00:12:22 (4665 turns).

schauveau the Chopper (Gargoyle Berserker)          Turns: 4665, Time: 00:12:22

Health: -2/51      AC: 19    Str: 23    XL:     8   Next: 26%
Magic:  8/8        EV:  7    Int:  8    God:    Trog [****..]
Gold:   55         SH:  0    Dex:  9    Spells: 0 memorised, 7 levels left

rFire  . . .     SeeInvis .     a - +0 hand axe
rCold  . . .     Clarity  .     k - +0 plate armour
rNeg   + . .     SustAt   .     (no shield)
rPois  ∞         Gourm    .     (no helmet)
rElec  +         Spirit   .     (no cloak)
rCorr  .         Warding  .     l - +0 pair of gloves
rMut   +         Stasis   .     h - +0 pair of boots
MR     .....                    e - amulet of resist mutation
Stlth  ..........               (no ring)
                                (no ring)

@: exhausted, slowed, very slow, not resistant to hostile enchantments,
extremely unstealthy
A: negative energy resistance 1, electricity resistance, unbreathing,
petrification resistance, rot immunity, AC +5
a: Berserk, Trog's Hand, Brothers in Arms, Burn Spellbooks, Renounce Religion


You were on level 6 of the Dungeon.
You worshipped Trog.
Trog was greatly pleased with you.
You were near starving.

You visited 1 branch of the dungeon, and saw 6 of its levels.

You collected 217 gold pieces.
You spent 162 gold pieces at shops.

Inventory:

Hand Weapons
 a - a +0 hand axe (weapon)
 r - a +2 mace of holy wrath
Missiles
 o - 16 tomahawks (quivered)
Armour
 b - a +0 animal skin
 h - a +0 pair of boots (worn)
 k - a +0 plate armour (worn)
 l - a +0 pair of gloves (worn)
Jewellery
 e - an amulet of resist mutation (around neck)
Wands
 u - a wand of confusion (40)
 C - a wand of invisibility (3)
Scrolls
 i - 4 scrolls of remove curse
 q - a scroll of enchant weapon
 v - a scroll of amnesia
 w - a scroll of blinking
 y - 3 scrolls of identify
Potions
 d - 2 potions of cure mutation
 g - a potion of cancellation
 n - 3 potions of curing
 s - a potion of poison
 t - 3 potions of might
 z - a potion of lignification {unknown}
 A - a potion of flight {unknown}
 B - a potion of heal wounds
 E - a potion of agility
Comestibles
 c - 2 bread rations
 f - 4 slices of pizza
 j - 3 fruits
 m - 2 meat rations
 p - 3 beef jerkies
 x - 4 chunks of flesh


   Skills:
 + Level 6.0 Fighting
 * Level 6.4 Axes
 + Level 5.0 Armour
 - Level 2.4 Dodging
 - Level 1.2 Stealth


You had 7 spell levels left.
You didn't know any spells.

Dungeon Overview and Level Annotations

Branches:
Dungeon (6/15)
 Temple: D:4-7

Altars:
Cheibriados
Makhleb
Okawaru
Zin

Shops:
D:4 ?


Innate Abilities, Weirdness & Mutations

You are resistant to torment.
Your stone body is resilient (AC +5).
You are immune to poison.
You resist negative energy.
You are resistant to electric shocks.
You can survive without breathing.
You are immune to petrification.
You are immune to rotting.


Message History

You are near starving!
You hear the slow rusting of a distant drain.
Eustachio brags, "I can call spirits from the vasty deep."
Eustachio hits you but does no damage.
You slash Eustachio!
You kill Eustachio!
Trog accepts your kill.
Trog appreciates your killing of a magic user.
Your Fighting skill increases to level 6!
Your Armour skill increases to level 5!
You feel your dexterity returning. The orc warrior barely misses you.
The orc hits you with a whip.
The orc warrior hits you but does no damage.
You hit the orc.
You kill the orc!
Trog accepts your kill.
The orc warrior hits you from afar with a halberd!!
* * * LOW HITPOINT WARNING * * *
The orc warrior hits you with a halberd!
You die...

# .#.# # #.....# ..
#.#.##..# #
#.########.......#.#
#(#.......##...<...#
#.#.......#####.####
# #.#...)...# #.#
.###.#.#.......# #.#
.(.....#...@...# #.#
#.......).o..# #.#
#...##..?....#####.#
##. ####)##.......#
.. #.#.#.#####..# .#
#.# #..# #..# # ..#
##.. #### ..# ##.#
##. .#


You could see an orc warrior.

Vanquished Creatures
  Sigmund (D:5)
  Eustachio (D:6)
  The ghost of SaintRoka the Cutter, an amateur CeWn of Okawaru (D:4)
  An ice beast (D:5)
  A phantom (D:4)
  An ogre (D:4)
  A scorpion (D:3)
  An orc priest (D:3)
  A hound (D:5)
  3 orc wizards
  Natasha (D:3)
  2 adders
  A shadow imp (D:5)
  An ooze (D:3)
  An adder skeleton (D:5)
  2 worms
  16 orcs
  2 ball pythons
  4 giant cockroaches
  6 hobgoblins
  4 quokkas
  11 bats
  3 giant newts
  11 goblins
  4 jackals (D:4)
  A jackal zombie (D:5)
  6 kobolds
  40 rats
128 creatures vanquished.

Notes
Turn   | Place    | Note
--------------------------------------------------------------
     0 | D:1      | schauveau the Gargoyle Berserker began the quest for the Orb.
     0 | D:1      | Reached XP level 1. HP: 14/14 MP: 1/1
   103 | D:1      | Reached XP level 2. HP: 12/19 MP: 2/2
  1191 | D:2      | Reached XP level 3. HP: 24/24 MP: 3/3
  1225 | D:2      | Found an iron altar of Okawaru.
  1295 | D:2      | Reached ** piety under Trog
  1555 | D:2      | Reached skill level 1 in Stealth
  1569 | D:2      | Reached *** piety under Trog
  2037 | D:3      | Reached XP level 4. HP: 29/29 MP: 4/4
  2128 | D:3      | Reached skill level 4 in Fighting
  2191 | D:3      | Found a snail-covered altar of Cheibriados.
  2477 | D:4      | Found Affy's Magic Scroll Emporium.
  2477 | D:4      | Noticed Natasha
  2582 | D:3      | Found a glowing silver altar of Zin.
  2582 | D:3      | Noticed an angel
  2757 | D:4      | Noticed SaintRoka's ghost (amateur CeWn)
  2758 | D:4      | Noticed an ogre
  2874 | D:2      | Found a burning altar of Makhleb.
  2943 | D:3      | Reached XP level 5. HP: 25/33 MP: 5/5
  3064 | D:3      | Killed Natasha
  3079 | D:3      | Reached **** piety under Trog
  3079 | D:3      | Reached XP level 6. HP: 17/39 MP: 6/6
  3290 | D:4      | Bought a scroll of enchant weapon for 90 gold pieces
  3337 | D:4      | Paralysed by SaintRoka's ghost for 4 turns
  3347 | D:4      | Killed an ogre
  3348 | D:4      | Killed SaintRoka's ghost
  3348 | D:4      | Reached skill level 5 in Fighting
  3348 | D:4      | Reached skill level 5 in Axes
  3348 | D:4      | Reached XP level 7. HP: 44/44 MP: 7/7
  3730 | D:4      | Bought a scroll of identify for 24 gold pieces
  3730 | D:4      | Bought a scroll of identify for 24 gold pieces
  3730 | D:4      | Bought a scroll of identify for 24 gold pieces
  3876 | D:5      | Entered Level 5 of the Dungeon
  3979 | D:4      | Noticed a phantom
  4007 | D:4      | Killed a phantom
  4300 | D:5      | Noticed Sigmund
  4325 | D:5      | Killed Sigmund
  4496 | D:5      | Reached skill level 6 in Axes
  4496 | D:5      | Reached XP level 8. HP: 47/51 MP: 8/8
  4618 | D:6      | Noticed Eustachio
  4663 | D:6      | Killed Eustachio
  4663 | D:6      | Reached skill level 5 in Armour
  4665 | D:6      | Slain by an orc warrior

Action                   |  1- 3 |  4- 6 |  7- 9 || total
-------------------------+-------+-------+-------++-------
Melee: Hand axe          |   216 |   138 |   216 ||   570
Invok: Berserk           |       |     3 |     1 ||     4
  Use: Scroll            |     5 |     3 |     3 ||    11
       Potion            |     4 |       |       ||     4
 Stab: Sleeping          |     4 |       |       ||     4
       Invisible         |       |     3 |       ||     3
  Eat: Chunk             |     4 |     6 |     5 ||    15
       Fruit             |       |     1 |       ||     1
